 Dungeon Crawl Stone Soup version 0.27-a0-1101-ge311f74bc8 (webtiles) character file.

Game seed: 9854547825396595900

60 Borgoz the Skirmisher (level 4, -1/43 HPs)
             Began as a Gargoyle Berserker on Apr 28, 2021.
             Was a Follower of Trog.
             Slain by Sigmund
             ... wielding a +3 scythe of venom
              (2 damage)
             ... on level 2 of the Dungeon.
             The game lasted 00:02:01 (1930 turns).

Borgoz the Skirmisher (Gargoyle Berserker)          Turns: 1930, Time: 00:02:02

Health: -1/43      AC: 10    Str: 21    XL:     4   Next: 6%
Magic:  4/4        EV: 11    Int:  7    God:    Trog [*.....]
Gold:   123        SH:  0    Dex: 10    Spells: 3/3 levels left

rFire    . . .     SeeInvis .   a - +0 mace
rCold    . . .     Faith    .   (no shield)
rNeg     + . .     Spirit   .   f - +0 ring mail
rPois    ∞         Reflect  .   g - +0 helmet
rElec    +         Harm     .   (no cloak)
rCorr    .         Rampage  .   (no gloves)
Will     .....                  (no boots)
Stlth    ..........             (no amulet)
HPRegen  0.14/turn              (no ring)
MPRegen  0.09/turn              (no ring)

@: berserking (expiring), very quick
A: AC +3, negative energy resistance 1, electricity resistance, torment
resistance 1, unbreathing 1, petrification resistance
a: Renounce Religion, Berserk


You were on level 2 of the Dungeon.
You worshipped Trog.
Trog was aware of your devotion.
You visited 1 branch of the dungeon, and saw 2 of its levels.

You collected 123 gold pieces.

Inventory:

Hand Weapons
 a - a +0 mace (weapon)
Armour
 f - a +0 ring mail (worn)
 g - a +0 helmet (worn)
Scrolls
 b - a scroll of vulnerability {unknown}
 c - a scroll of amnesia {unknown}
 d - a scroll of summoning {unknown}
 h - 2 scrolls of identify {unknown}
Potions
 e - 2 potions of curing {unknown}


   Skills:
 + Level 3.8 Fighting
 + Level 3.4 Maces & Flails
 + Level 3.0 Armour
 + Level 2.2 Dodging


You had 3 spell levels left.
You didn't know any spells.
Your spell library was empty.

Dungeon Overview and Level Annotations

Branches:
Dungeon (2/15)

Altars:

Annotations:
D:2 Sigmund


Innate Abilities, Weirdness & Mutations

Your stone body is resilient. (AC +3)
You are immune to poison.
You resist negative energy. (rN+)
You are resistant to electric shocks. (rElec)
You are resistant to unholy torment.
You can survive without breathing.
You are immune to petrification.


Message History

The ball python constricts you. The quokka closely misses you.
Sigmund casts a spell at himself.
Sigmund flickers and vanishes!
Deactivating autopickup; reactivate with Ctrl-A.
You barely miss the ball python. The ball python closely misses you.
The ball python constricts you. The quokka barely misses you.
Something hits you. The ball python closely misses you.
The ball python constricts you.
A red film seems to cover your vision as you go berserk!
You feel yourself moving faster!
You feel mighty! The quokka closely misses you.
Something hits you but does no damage. The ball python bites you.
The ball python constricts you. The quokka barely misses you.
You closely miss the quokka. Something hits you!
The ball python closely misses you. The ball python constricts you.
The quokka bites you.
You closely miss the quokka. The ball python bites you.
The ball python constricts you. Something hits you!
The quokka barely misses you. The dart slug launches a dart at you.
The slug dart hits you but does no damage.
You sock the quokka!
You kill the quokka!
Trog accepts your kill. The ball python barely misses you.
The ball python constricts you. Something hits you!
* * * LOW HITPOINT WARNING * * *
You escape the ball python's grasp.
You closely miss something. The ball python barely misses you.
The ball python completely misses you. Something hits you.
* * * LOW HITPOINT WARNING * * *
You barely miss something. The ball python closely misses you.
The ball python barely misses you. Something hits you.
* * * LOW HITPOINT WARNING * * *
The dart slug launches a dart at you. The slug dart misses you.
The ball python bites you but does no damage.
The ball python barely misses you.
You sock something! Something hits you.
You die...

#.##.............
#.##.....≈.≈...:.
#.##...P≈≈≈.≈≈≈≈≈
#......♣≈≈P≈≈P≈P≈
#####...≈≈≈≈≈≈≈≈≈
#....≈†≈≈≈≈≈≈
###.#♣≈≈≈P≈≈≈
#########.#♣≈≈≈≈≈≈♣
.....<.{@...♣≈♣♣♣♣#
####...#Sw.......
#....(.####.##
......!.# .#
..........# .#
#.........#
####...#### #...


You could see a dart slug and a ball python.

Vanquished Creatures
  Jessica (D:2)
  A dart slug (D:1)
  3 endoplasms (D:1)
  2 giant cockroaches (D:1)
  5 goblins (D:1)
  A hobgoblin (D:1)
  5 kobolds
  4 quokkas
  2 ball pythons
  3 bats
  2 frilled lizards (D:1)
  A rat (D:1)
30 creatures vanquished.

Vanquished Creatures (others)
  3 plants
  2 withered plants (D:1)
5 creatures vanquished.

Grand Total: 35 creatures vanquished

Notes
Turn   | Place    | Note
-------+----------+-------------------------------------------
     0 | D:1      | Borgoz the Gargoyle Berserker began the quest for the Orb.
     0 | D:1      | Reached XP level 1. HP: 14/14 MP: 1/1
   386 | D:1      | Reached XP level 2. HP: 14/19 MP: 2/2
  1140 | D:1      | Reached XP level 3. HP: 23/23 MP: 3/3
  1183 | D:1      | Found a faded altar of an unknown god.
  1720 | D:2      | Noticed Jessica
  1729 | D:2      | Killed Jessica
  1850 | D:2      | Reached XP level 4. HP: 26/29 MP: 4/4
  1915 | D:2      | Noticed Sigmund
  1929 | D:2      | HP: 1/43 [something (3)]
  1930 | D:2      | Slain by Sigmund

Illustrated notes

Levels and vault maps discovered:
D:1:      erik_arrival_triangle_medium, layout_basic,
          shapermc_ecumenical_altar_flowoftime, nrook_mini_vaults,
          minmay_hedge_maze, wander_ebering_terrifying_dragon_lair
D:2:      layout_loops_ring, serial_bayou_ford_a, guppyfry_early_lair_pool,
          uniq_jessica, uniq_sigmund

Skill      XL: |  1  2  3 |
---------------+----------+-----
Dodging        | 2 |  2.2
Armour         | 3 |  3.0
Fighting       | |  3.8
Maces & Flails | |  3.4

Action                   |  1- 3 |  4- 6 || total
-------------------------+-------+-------++-------
Melee: Mace              |    91 |    13 ||   104
Invok: Berserk           |     4 |     1 ||     5
Armor: Animal skin       |    18 |       ||    18
       Ring mail         |    11 |     6 ||    17
Dodge: Dodged            |    48 |    26 ||    74

Table legend: (Time is in decaauts)
 A = Elapsed time spent in this place.
 B = Non-inter-level travel time spent in this place.
 C = Inter-level travel time spent in this place.
 D = Time resting spent in this place.
 E = Time spent auto-exploring this place.
 F = Levels seen in this place.
 G = Mean time per level.
                   A        B        C        D        E       F      G
               +--------+--------+--------+--------+--------+-----+--------+
         Total |   1991 |   1972 |     19 |    658 |   1001 |   2 |  995.5 |
       Dungeon |   1991 |   1972 |     19 |    658 |   1001 |   2 |  995.5 |
               +--------+--------+--------+--------+--------+-----+--------+

Top non-repeatable levels by time:
     D:1: 1679 daAuts
     D:2: 311 daAuts
